 Dungeon Crawl Stone Soup version 0.29.0-11-gd7f09526c8 (webtiles) character file.

Game seed: 18320573208301906950

217 Shayle the Chiller (level 5, -1/46 HPs)
             Began as a Naga Ice Elementalist on Sept 6, 2022.
             Slain by a gnoll
             ... wielding a +2 whip of distortion
              (7 damage)
             ... on level 4 of the Dungeon.
             The game lasted 00:14:06 (4052 turns).

Shayle the Chiller (Naga Ice Elementalist)          Turns: 4052, Time: 00:14:06

Health: -1/46      AC:  3    Str: 10    XL:     5   Next: 94%
Magic:  6/9        EV: 10    Int: 16    God:
Gold:   193        SH:  0    Dex: 15    Spells: 2/10 levels left

rFire   . . .      SeeInvis +   k - +8 trident of Ulemyac {speed, rElec rPois}
rCold   + . .      Faith    .   (no shield)
rNeg    . . .      Spirit   .   a - +0 robe
rPois   +          Reflect  .   (no helmet)
rElec   +          Harm     .   u - +0 cloak
rCorr   .          Rampage  .   (no gloves)
Will    .....                   (no barding)
Stlth   ++........              (no amulet)
HPRegen 0.95/turn               e - ring of protection from cold
MPRegen 0.11/turn               (no ring)

@: very slow
A: AC +1, large, see invisible, deformed body, poison resistance, slowness 2,
spit poison 1, naga tail 1, agile 1, deterioration 2, regeneration 1
a: Spit Poison


You were on level 4 of the Dungeon.
You visited 1 branch of the dungeon, and saw 4 of its levels.

You collected 193 gold pieces.

Inventory:

Hand Weapons
 g - a +3 war axe of freezing
 k - the +8 trident of Ulemyac (weapon) {speed, rElec rPois}
   (You found it on level 4 of the Dungeon)

   Attacks with this weapon are significantly faster.
   rElec:     It insulates you from electricity.
   rPois:     It protects you from poison.
 t - a +0 short sword of speed
Armour
 a - a +0 robe (worn)
 u - a +0 cloak (worn)
Jewellery
 e - a ring of protection from cold (left hand)
 f - an amulet of the acrobat
 h - a ring of wizardry
Scrolls
 d - a scroll of vulnerability {unknown}
 j - a scroll of torment {unknown}
 m - a scroll of immolation {unknown}
 n - a scroll of poison {unknown}
 p - a scroll of fear {unknown}
 r - 3 scrolls of teleportation
 w - a scroll of silence {unknown}
Potions
 b - a potion of magic
 c - a potion of degeneration
 i - 2 potions of mutation
 l - a potion of haste {unknown}
 o - 2 potions of heal wounds {unknown}
 q - a potion of attraction {unknown}
 s - a potion of flight {unknown}
 v - a potion of lignification {unknown}


   Skills:
 + Level 2.3 Fighting
 + Level 1.0 Axes
 + Level 2.7 Dodging
 - Level 3.0 Stealth
 + Level 3.1 Spellcasting
 + Level 4.8 Ice Magic


You had 2 spell levels left.
You knew the following spells:

 Your Spells              Type           Power      Damage    Failure   Level
a - Freeze                Ice            68%        1d8       2%          1
b - Frozen Ramparts       Ice            34%        1d6       8%          3
c - Hailstorm             Conj/Ice       10%        3d5       56%         4

Your spell library contained the following spells:

 Spells                   Type           Power      Damage    Failure   Level
 Necrotise                Necr           8%         1d4       19%         1
 Static Discharge         Conj/Air       2%         3-4/arc   28%         2
 Ozocubu's Armour         Ice            17%        N/A       8%          3
 Dazzling Flash           Conj/Hex       4%         N/A       50%         3
 Vampiric Draining        Necr           2%         2d6       50%         3
 Dispel Undead            Necr           2%         3d7       88%         4
 Leda's Liquefaction      Hex/Erth       1%         N/A       88%         4
 Sticky Flame             Conj/Fire      2%         2d3       88%         4
 Metabolic Englaciation   Hex/Ice        5%         N/A       88%         5
 Agony                    Necr           2%         N/A       99%         5
 Ozocubu's Refrigeration  Ice            8%         4d9       100%        7
 Discord                  Hex            1%         N/A       100%        8


Dungeon Overview and Level Annotations

Branches:
Dungeon (4/15)
 Temple: D:4-7

Altars:
Uskayaw


Innate Abilities, Weirdness & Mutations

Your serpentine skin is tough. (AC +1)
You have supernaturally acute eyesight. (SInv)
Armour fits poorly on your strangely shaped body.
Your system is resistant to poisons. (rPois)
You cover ground very slowly.
You can spit poison.
You have a snake-like lower body.
You are agile. (Dex +4, Str/Int -1)
Your body often deteriorates upon taking damage.
Your natural rate of healing is unusually fast.


Message History

The gnoll moves out of view.
There is an open door here.
The gnoll barely misses you.
You barely miss the gnoll. You puncture the gnoll!
The gnoll is almost dead.
The gnoll hits you with a +0 flail.
Casting: Frozen Ramparts (dangerous; 7% risk of failure)
Confirm with . or Enter, or press ? or * to list all spells.
Casting: Frozen Ramparts (dangerous; 7% risk of failure)
Press: ? - help, Dir - look around, f - activate The walls around you are covered in ice.
The wall freezes the gnoll.
The gnoll hits you with a +2 whip of distortion.
You blink.
The frozen ramparts melt away as you move.
Casting: Frozen Ramparts (dangerous; 7% risk of failure)
Confirm with . or Enter, or press ? or * to list all spells.
Casting: Frozen Ramparts (dangerous; 7% risk of failure)
Press: ? - help, Dir - look around, f - activate
Okay, then.
The gnoll closely misses you.
A hobgoblin comes into view.
The gnoll hits you with a +0 flail! The gnoll attacks as you move away!
The gnoll hits you with a +2 whip of distortion.
Space warps horribly around you.
A gnoll comes into view. It is wielding a +1 spear of venom.
The gnoll hits you with a +2 whip of distortion!
* * * LOW HITPOINT WARNING * * *
Space warps around you.
* * * LOW HITPOINT WARNING * * *
The gnoll hits you with a +0 flail.
* * * LOW HITPOINT WARNING * * *
The gnoll moves out of view.
It was a potion of mutation.
You feel extremely strange.
You feel yourself wasting away.
You feel agile.
You feel your body start to fall apart.
You begin to heal more quickly.
The gnoll hits you with a +2 whip of distortion!
You die...

#.............#
#....(....#.#.#
#.........#.#.#
#........##.#+####
#........##......#
#.........#......+
#.........#......#
#######.........#
###..g@####
#g'..g## #.g#...#
#.##...# #. #####
. .. .. ...


You could see 3 gnolls and a hobgoblin (wandering).

Vanquished Creatures
  A phantom (D:4)
  8 adders
  2 worms
  2 dart slugs
  2 orcs (D:3)
  4 ball pythons
  8 endoplasms
  3 giant cockroaches
  4 goblins (D:1)
  5 hobgoblins
  2 jackals (D:1)
  6 kobolds
  4 bats
  5 frilled lizards
  4 rats
60 creatures vanquished.

Notes
Turn   | Place    | Note
-------+----------+-------------------------------------------
     0 | D:1      | Shayle the Naga Ice Elementalist began the quest for the
                  | Orb.
     0 | D:1      | Reached XP level 1. HP: 15/15 MP: 3/3
   157 | D:1      | Reached XP level 2. HP: 24/24 MP: 3/5
   506 | D:1      | Reached skill level 1 in Fighting
   786 | D:1      | Reached XP level 3. HP: 31/31 MP: 6/6
   808 | D:1      | Learned a level 3 spell: Frozen Ramparts
  1679 | D:2      | Reached XP level 4. HP: 14/38 MP: 3/7
  2526 | D:2      | Learned a level 4 spell: Hailstorm
  3318 | D:3      | Got the Parchment of Guile
  3432 | D:3      | Reached XP level 5. HP: 30/45 MP: 9/9
  3658 | D:3      | Found a hide-covered altar of Uskayaw.
  3663 | D:3      | Identified a scroll of acquirement
  3663 | D:3      | Acquired a +3 war axe of freezing
  3843 | D:4      | Identified the +8 trident of Ulemyac {speed, rElec rPois}
  3851 | D:4      | Noticed a phantom
  3873 | D:4      | Killed a phantom
  3874 | D:4      | Reached skill level 1 in Axes
  4052 | D:4      | Gained mutation: Your body sometimes deteriorates upon
                  | taking damage. [potion of mutation]
  4052 | D:4      | Gained mutation: You are agile. (Dex +4, Str/Int -1)
                  | [potion of mutation]
  4052 | D:4      | Gained mutation: Your body often deteriorates upon taking
                  | damage. [potion of mutation]
  4052 | D:4      | Gained mutation: Your natural rate of healing is unusually
                  | fast. [potion of mutation]
  4052 | D:4      | Slain by a gnoll

Illustrated notes

Levels and vault maps discovered:
D:1:      dpeg_arrival_fog, layout_loops_ring
D:2:      layout_basic
D:3:      layout_loops_ring, mainiacjoe_overflow_alcove_2
D:4:      minmay_recursive_quarters, layout_basic

Skill      XL: |  1  2  3  4  5 |
---------------+----------------+-----
Fighting       | 1 2 |  2.3
Dodging        | 2 |  2.7
Axes           | 1 |  1.0
Spellcasting   | 3 |  3.1
Stealth        | |  3.0
Ice Magic      | |  4.8

Action                   |  1- 3 |  4- 6 || total
-------------------------+-------+-------++-------
Melee: Unarmed           |    12 |     3 ||    15
       Short sword       |       |    26 ||    26
       Trident           |       |    14 ||    14
       War axe           |       |     2 ||     2
 Cast: Freeze            |    37 |    20 ||    57
       Frozen Ramparts   |     1 |     7 ||     8
 Abil: Spit Poison       |    19 |     7 ||    26
  Use: Scroll            |     1 |     3 ||     4
       Potion            |       |     1 ||     1
 Stab: Sleeping          |       |     3 ||     3
Armor: Robe              |     5 |    11 ||    16
Dodge: Dodged            |    26 |    25 ||    51
